 Dungeon Crawl Stone Soup version 0.24-a0-368-g0e0cebd0f3 (webtiles) character file.

Game seed: 18213261709729000708

13 MisterFreud the Digger (level 2, -2/19 HPs)
             Began as a Formicid Earth Elementalist on May 29, 2019.
             Slain by an adder (3 damage)
             ... on level 1 of the Dungeon.
             The game lasted 00:01:44 (1024 turns).

MisterFreud the Digger (FoEE)                       Turns: 1024, Time: 00:01:45

Health: -2/19      AC:  3    Str: 17    XL:     2   Next: 50%
Magic:  2/5        EV: 12    Int: 14    God:
Gold:   73         SH:  0    Dex: 11    Spells: 5/6 levels left

rFire    . . .     SeeInvis +   f - +0 dagger
rCold    . . .     Gourm    .   (no shield)
rNeg     . . .     Faith    .   c - +0 robe
rPois    .         Spirit   .   (helmet unavailable)
rElec    .         Reflect  .   (no cloak)
rCorr    .         Harm     .   k - +0 pair of gloves
MR       .....                  (no boots)
Stlth    ++........             (no amulet)
HPRegen  0.06/turn              (no ring)
MPRegen  0.09/turn              (no ring)

@: mighty, lethally poisoned (-2 -> -8)
A: permanent stasis, dig shafts and tunnels, four strong arms, antennae 3
a: Dig, Shaft Self


You were on level 1 of the Dungeon.
You were not hungry.

You visited 1 branch of the dungeon, and saw 2 of its levels.

You collected 73 gold pieces.

Inventory:

Hand Weapons
 f - a +0 dagger (weapon)
Missiles
 b - 61 stones (quivered)
 i - 63 arrows
 j - 19 bolts
Armour
 c - a +0 robe (worn)
 k - a +0 pair of gloves (worn)
Scrolls
 a - 4 scrolls of enchant armour {unknown}
 e - 2 scrolls of enchant weapon {unknown}
 h - 2 scrolls of identify {unknown}
Potions
 g - a potion of heal wounds {unknown}
 l - a potion of might
Comestibles
 d - a ration


   Skills:
 - Level 1.7 Dodging
 - Level 2.4 Stealth
 + Level 2.7 Spellcasting
   Level 1.1 Transmutations
 + Level 4.1 Earth Magic


You had 5 spell levels left.
You knew the following spells:

 Your Spells              Type           Power        Failure   Level  Hunger
a - Sandblast             Erth           ##....       4%          1    #......

Your spell library contained the following spells:

 Spells                   Type           Power        Failure   Level  Hunger
 Passwall                 Tmut/Erth      #.......     12%         2    ###....
 Stone Arrow              Conj/Erth      #.....       28%         3    ###....
 Petrify                  Tmut/Erth      #.......     58%         4    #####..
 Lee's Rapid Deconstruct  Erth           ##........   75%         5    ######.


Dungeon Overview and Level Annotations

Branches:
Dungeon (2/15)

Altars:


Innate Abilities, Weirdness & Mutations

You cannot be hasted, slowed, berserked, paralysed or teleported.
You can dig through walls and to a lower floor.
Your four strong arms can wield two-handed weapons with a shield.
You have a pair of large antennae on your head. (SInv)


Message History

The blast of sand misses the adder.
b - 62 stones
* * * LOW HITPOINT WARNING * * *
You feel sick. The adder bites you.
* * * LOW HITPOINT WARNING * * *
Casting: Sandblast (safe; 4% risk of failure)
Confirm with . or Enter, or press ? or * to list all spells.
Aiming: Sandblast (safe; 4% risk of failure)
Press: ? - help, Shift-Dir - straight line, f/p - adder
Aim: an adder The blast of sand hits the adder.
The adder is heavily wounded.
b - 61 stones The adder closely misses you.
Unknown command.
It was a potion of might.
You feel very mighty all of a sudden.
* * * LOW HITPOINT WARNING * * *
You feel sick. The adder bites you.
You die...

## ################# .#
######...............#
.########...##.#############.# #
..........#....#############.####
##.....##...##..@S....>..........
##.###.###.#######.............##
...# #.# #.# #.########.##.##
...###.# #.#######.# ##.#....
.......# #.........# ###.#...##
#..#.########..#########..###..##
#..#.###..................####.##
#..#...........####.##..8..##..##
#..#####.#####.####.#........#.##


You could see an adder.

Vanquished Creatures
  2 bats (D:1)
  2 goblins (D:1)
  2 hobgoblins
  2 quokkas (D:1)
  A frilled lizard (D:1)
  2 rats (D:1)
11 creatures vanquished.

Notes
Turn   | Place    | Note
-------+----------+-------------------------------------------
     0 | D:1      | MisterFreud the Formicid Earth Elementalist began the quest
                  | for the Orb.
     0 | D:1      | Reached XP level 1. HP: 13/13 MP: 3/3
   600 | D:1      | Reached XP level 2. HP: 17/19 MP: 5/5
   767 | D:1      | Reached skill level 4 in Earth Magic
  1024 | D:1      | Slain by an adder

Levels and vault maps discovered:
D:1:      grunt_arrival_lava_bath, layout_loops_ring
D:2:      layout_rooms, minmay_misc_feat_five, uniq_crazy_yiuf_cottage

Skill      XL: |  1  2 |
---------------+-------+-----
Earth Magic    | 4 |  4.1
Dodging        | |  1.7
Stealth        | |  2.4
Spellcasting   | |  2.7
Transmutations | |  1.1

Action                   || total
-------------------------++-------
Melee: Dagger            ||    35
 Cast: Sandblast         ||     5
  Use: Potion            ||     1
 Stab: Sleeping          ||     1
Armor: Robe              ||    18
Dodge: Dodged            ||    35

Table legend:
 A = Non-vault XP
 B = Vault XP
 C = Vault XP percentage of total XP
 D = Non-vault monster count
 E = Vault monster count
 F = Vault count percentage of total count
                 A         B        C        D         E       F
            +---------+---------+-------+---------+---------+-------
      Total |      19 |       0 |   0.0 |      11 |       0 |   0.0
            +---------+---------+-------+---------+---------+-------
        D:1 |      17 |       0 |   0.0 |      10 |       0 |   0.0
        D:2 |       2 |       0 |   0.0 |       1 |       0 |   0.0
            +---------+---------+-------+---------+---------+-------
